 Dungeon Crawl Stone Soup version 0.30-a0-845-g7c6808c8ce (webtiles) character file.

Game seed: 16251632186486941993

165 demibob the Cutter (level 5, -2/30 HPs)
             Began as a Kobold Brigand on Mar 3, 2023.
             Was a Follower of Kikubaaqudgha.
             Killed from afar by an orc wizard (8 damage)
             ... with a puff of flame
             ... on level 3 of the Dungeon.
             The game lasted 00:04:43 (2897 turns).

demibob the Cutter (Kobold Brigand)                 Turns: 2897, Time: 00:04:44

Health: -2/30      AC:  5    Str:  6 (8)  XL:     5   Next: 75%
Magic:  5/5        EV: 14    Int: 10 (13) God:    Kikubaaqudgha [*.....]
Gold:   57         SH:  0    Dex: 16 (18) Spells: 4/4 levels left

rFire   . . .      SeeInvis .    a - +2 dagger
rCold   . . .      Faith    .    (no shield)
rNeg    . . .      Spirit   .    b - +0 robe
rPois   .          Reflect  .    (no helmet)
rElec   .          Rampage  .    c - +0 cloak
rCorr   .                        (no gloves)
Will    .....                    l - +1 pair of boots
Stlth   ++++                     (no amulet)
HPRegen 0.25/turn                (no ring)
MPRegen 0.09/turn                (no ring)

@: no status effects
A: small, no large weapons, nightstalker 3
a: Renounce Religion, Unearth Wretches


You were on level 3 of the Dungeon.
You worshipped Kikubaaqudgha.
Kikubaaqudgha was aware of your devotion.
You visited 1 branch of the dungeon, and saw 4 of its levels.

You collected 57 gold pieces.


Innate Abilities, Weirdness & Mutations

You are small and have problems with some larger weapons.
You are completely attuned to the shadows.


   Skills:
 - Level 2.1 Fighting
 + Level 7.1 Short Blades
 - Level 2.1 Throwing
 - Level 1.2 Dodging
 - Level 5.3 Stealth
 + Level 0.7 Necromancy


You had 4 spell levels left.
You didn't know any spells.
Your spell library contained the following spells:

 Spells                   Type           Power      Damage    Failure   Level
 Necrotise                Necr           4%         1d4       28%         1
 Kiss of Death            Conj/Necr      0%         2d5       32%         1
 Sublimation of Blood     Necr           1%         N/A       41%         2
 Vampiric Draining        Necr           1%         2d6       65%         3
 Ignite Poison            Fire/Tmut/Pois 0%         N/A       75%         3
 Kindle Blastsparks       Fire/Tloc/Air  0%         2d10      75%         3
 Summon Lightning Spire   Summ/Air       0%         N/A       98%         4
 Freezing Cloud           Conj/Ice/Air   0%         6-21      100%        5
 Storm Form               Tmut/Air       0%         N/A       100%        7
 Maxwell's Capacitive Co  Air            0%         ∞         100%        8

Inventory:

Hand Weapons
 a - a +2 dagger (weapon)
Missiles
 d - 8 poisoned darts (quivered)
Armour
 b - a +0 robe (worn)
 c - a +0 cloak (worn)
 l - a +1 pair of boots (worn)
Jewellery
 F - a ring of fire
Scrolls
 g - 2 scrolls of enchant armour
 h - a scroll of magic mapping
 i - a scroll of torment
Potions
 j - a potion of brilliance
 m - a potion of lignification

Dungeon Overview and Level Annotations

Branches:
Dungeon (4/15)
 Temple: D:4-7

Altars:
Kikubaaqudgha

#.............##......##.......
##............##...............
##............# #[.............
#.............# #..............
#.............###...........###
#...........................##.
#.......###.................##.
######### ####.......#...#####.
.. #@).....#...##....
..#####{(............#..
.....................#..
........................
.......(............▓▓▓▓
...)............▓▓▓▓▓
..............#.+
..............#.▓▓▓▓▓
...#######<...#....)▓▓▓▓


There were no monsters in sight!


Message History

Press: ? - help, Q - select action, (/) - cycle Shift-Dir - straight line You throw a poisoned dart.
Something hits you.
* * * LOW HITPOINT WARNING * * *
Throw: 10 darts (poison)
Press: ? - help, Q - select action, (/) - cycle Shift-Dir - straight line You throw a poisoned dart.
Throw: 9 darts (poison)
Press: ? - help, Q - select action, (/) - cycle Shift-Dir - straight line You throw a poisoned dart.
You hear some strange, mumbled words.
Something tries to affect you, but you resist.
You closely miss something. Something hits you.
* * * LOW HITPOINT WARNING * * *
You hit something. Something hits you but does no damage.
You hit something. You hit something but do no damage. Something hits you.
* * * LOW HITPOINT WARNING * * *
You hit something but do no damage. Something hits you.
* * * LOW HITPOINT WARNING * * *
You hit something.
Unknown command.
You hit something. Something hits you but does no damage.
You miss something. You miss something.
You hear some strange, mumbled words.
A puff of flame appears from out of thin air!
The puff of flame hits you!
You die...
Kikubaaqudgha rasps: "You have failed me!
Welcome... death!"

Skill      XL: |  1  2  3  4  5 |
---------------+----------------+-----
Short Blades   | 3 4 5 6 7 |  7.1
Fighting       | |  2.1
Throwing       | |  2.1
Dodging        | |  1.2
Stealth        | |  5.3
Necromancy     | |  0.7

Action                     |  1- 3 |  4- 6 || total
---------------------------+-------+-------++-------
  Melee: Dagger            |    88 |   102 ||   190
         Punch             |       |     5 ||     5
  Throw: Dart              |       |     7 ||     7
    Use: Scroll            |     4 |     6 ||    10
         Potion            |     2 |     3 ||     5
   Stab: Sleeping          |    13 |    13 ||    26
         Distracted        |       |     1 ||     1
 Armour: Robe              |     8 |    18 ||    26
  Dodge: Dodged            |    58 |    39 ||    97

Levels and vault maps discovered:
D:1:      mushboom_english_gardens, layout_basic, minmay_tetromino_t4
D:2:      minmay_skewed_foursquare, layout_basic, basic_altar, uniq_jessica
D:3:      layout_basic, mainiacjoe_overflow_surrounded_room
D:4:      layout_loops_corners, elyvilon_altar_3, nicolae_overflow_crystal_walls

Notes
Turn   | Place    | Note
-------+----------+-------------------------------------------
     0 | D:1      | demibob the Kobold Brigand began the quest for the Orb.
     0 | D:1      | Reached XP level 1. HP: 12/12 MP: 1/1
    61 | D:1      | Reached skill level 3 in Short Blades
   174 | D:1      | Reached XP level 2. HP: 17/17 MP: 2/2
   471 | D:1      | Reached skill level 4 in Short Blades
  1119 | D:2      | Reached XP level 3. HP: 21/21 MP: 3/3
  1188 | D:2      | Reached skill level 5 in Short Blades
  1208 | D:2      | Reached XP level 4. HP: 9/26 MP: 4/4
  1318 | D:2      | Noticed Jessica
  1324 | D:2      | Killed Jessica
  1325 | D:2      | Reached skill level 6 in Short Blades
  1368 | D:2      | Reached XP level 5. HP: 30/30 MP: 5/5
  1521 | D:2      | Found an ancient bone altar of Kikubaaqudgha.
  1562 | D:2      | Became a worshipper of Kikubaaqudgha
  1771 | D:2      | Reached skill level 7 in Short Blades
  2297 | D:3      | You fall into a shaft and drop 1 floor!
  2876 | D:3      | Reached * piety under Kikubaaqudgha
  2876 | D:3      | Received a gift from Kikubaaqudgha
  2897 | D:3      | Killed from afar by an orc wizard

Vanquished Creatures
  Jessica (D:2)
  A gnoll (D:2)
  6 adders
  2 worms
  A dart slug (D:2)
  3 orcs (D:3)
  5 ball pythons
  2 bats
  6 endoplasms
  3 giant cockroaches (D:2)
  7 goblins
  3 hobgoblins
  8 jackals
  2 quokkas (D:2)
  5 frilled lizards
  3 kobolds
  6 rats
64 creatures vanquished.

Table legend: (Time is in decaauts)
 A = Elapsed time spent in this place.
 B = Non-inter-level travel time spent in this place.
 C = Inter-level travel time spent in this place.
 D = Time resting spent in this place.
 E = Time spent auto-exploring this place.
 F = Levels seen in this place.
 G = Mean time per level.
                   A        B        C        D        E       F      G
               +--------+--------+--------+--------+--------+-----+--------+
         Total |   2842 |   2804 |     38 |    236 |   2173 |   4 |  710.5 |
       Dungeon |   2842 |   2804 |     38 |    236 |   2173 |   4 |  710.5 |
               +--------+--------+--------+--------+--------+-----+--------+

Top non-repeatable levels by time:
     D:2: 1145 daAuts
     D:1: 1109 daAuts
     D:3: 578 daAuts
     D:4: 9 daAuts

Table legend:
 A = Non-vault XP
 B = Vault XP
 C = Vault XP percentage of total XP
 D = Non-vault monster count
 E = Vault monster count
 F = Vault count percentage of total count
                 A         B        C        D         E       F
            +---------+---------+-------+---------+---------+-------
      Total |     171 |      66 |  27.8 |      55 |       9 |  14.1
            +---------+---------+-------+---------+---------+-------
        D:1 |      22 |       5 |  18.5 |      14 |       3 |  17.6
        D:2 |     114 |      61 |  34.9 |      30 |       6 |  16.7
        D:3 |      35 |       0 |   0.0 |      11 |       0 |   0.0
            +---------+---------+-------+---------+---------+-------
